 Dungeon Crawl Stone Soup version 0.31-a0-986-g5e6e4ef867 (webtiles) character file.

Game seed: 15681018149030122569

496 dialectric the Covert (level 6, -1/32 HPs)
             Began as a Spriggan Delver on Nov 6, 2023.
             Slain by an orc wizard
             ... wielding a +0 dagger
              (4 damage)
             ... on level 3 of the Dungeon.
             The game lasted 00:07:49 (1787 turns).

dialectric the Covert (Spriggan Delver)             Turns: 1787, Time: 00:07:49

Health: -1/32      AC:  3    Str:  8    XL:     6   Next: 93%
Magic:  10/10      EV: 20    Int: 11    God:
Gold:   158        SH:  0    Dex: 19    Spells: 6/9 levels left

rFire   . . .        j - +1 short sword (holy)
rCold   + . .        (no shield)
rNeg    . . .        b - +0 robe
rPois   .            (helmet restricted)
rElec   .            m - +0 cloak
rCorr   .            (gloves unavailable)
SInv    +            (boots unavailable)
Will    +....        (no amulet)
Stlth   +++++        h - ring of protection from cold
HPRegen 0.25/turn    (no ring)
MPRegen 0.12/turn

%: no passive effects
@: very quick
A: very small, no large weapons, unfitting armour, see invisible, speed 3
a: no special abilities


You were on level 3 of the Dungeon.
You visited 1 branch of the dungeon, and saw 5 of its levels.

You collected 158 gold pieces.

Inventory:

Hand Weapons
 a - a +0 short sword
 j - a +1 short sword of holy wrath (weapon)
 l - a +4 quarterstaff of chaos
Armour
 b - a +0 robe (worn)
 m - a +0 cloak (worn)
Jewellery
 h - a ring of protection from cold (left hand)
Wands
 g - a wand of digging (3)
 k - a wand of polymorph (9)
Scrolls
 c - a scroll of fog
 d - a scroll of revelation
 e - 2 scrolls of fear
 i - a scroll of teleportation {unknown}
 n - a scroll of noise {unknown}
Potions
 f - a potion of haste


   Skills:
 - Level 3.0 Fighting
 - Level 3.0 Short Blades
 + Level 0.2 Throwing
 + Level 5.0 Dodging
 + Level 11.0 Stealth
 * Level 2.3 Spellcasting


You had 6 spell levels left.
You knew the following spells:

 Your Spells              Type           Power      Damage    Failure   Level
a - Hailstorm             Conj/Ice       1%         3d3       63%         3

Your spell library contained the following spells:

 Spells                   Type           Power      Damage    Failure   Level
 Freeze                   Ice            4%         1d3       28%         1
 Momentum Strike          Conj/Tloc      2%         3d8       38%         2
 Blink                    Tloc           2%         N/A       41%         2
 Lesser Beckoning         Tloc           2%         N/A       41%         2
 Frozen Ramparts          Ice            2%         1d1       65%         3
 Summon Guardian Golem    Hex/Summ       1%         N/A       65%         3
 Orb of Destruction       Conj           0%         9d5       100%        7
 Spellforged Servitor     Conj/Summ      0%         N/A       100%        7


Dungeon Overview and Level Annotations

Branches:
Dungeon (7/15)
 Temple: D:4-7

Altars:

Shops:
D:4 !*=((


Innate Abilities, Weirdness & Mutations

You are very small and have problems with some larger weapons.
You are too small for most types of armour.
You have supernaturally acute eyesight. (SInv)
You cover ground extremely quickly. (Speed+++)


Message History

You bump into the rock wall.
You bump into the rock wall.
You bump into the rock wall.
The orc wizard misses you.
You bump into the rock wall.
You feel less confused.
You hit the orc.
The orc is moderately wounded.
The orc wizard gestures wildly while chanting.
The orc wizard flickers and vanishes for a moment.
You hit the orc.
The orc is almost dead.
The orc hits you with a +1 heavy war axe!!
Ouch! That really hurt!
You barely miss the orc.
The orc is almost dead.
You hit the orc.
You kill the orc!
You closely miss the orc wizard.
You hit the orc wizard but do no damage.
The orc wizard hits you with a +0 dagger.
You barely miss the orc wizard. The orc wizard completely misses you.
You closely miss the orc wizard.
The orc wizard hits you with a +0 dagger.
You hit the orc wizard but do no damage.
The orc wizard misses you.
You hit the orc wizard but do no damage.
The orc wizard hits you but does no damage.
You closely miss the orc wizard. You hit the orc wizard.
The orc wizard is lightly wounded.
The orc wizard gestures at you while chanting.
The magic dart hits you!
* * * LOW HITPOINT WARNING * * *
You hit the orc wizard.
The orc wizard is moderately wounded.
The orc wizard barely misses you.
You barely miss the orc wizard.
The orc wizard is moderately wounded.
The orc wizard hits you with a +0 dagger.
You die...

################.####
#...........@oo......
###.#############....
#.# . #.# #.#
#######.###
..........####
.............#.#
...........<...#


You could see an orc wizard (invisible) and an orc.

Vanquished Creatures
  2 centaurs
  4 hounds
  An orc priest (D:3)
  Crazy Yiuf (D:5)
  3 iguanas
  5 adders
  A white imp (D:6)
  9 orcs
  A giant cockroach (D:4)
  A goblin (D:4)
  3 hobgoblins
  A quokka (D:5)
32 creatures vanquished.

Notes
Turn   | Place    | Note
-------+----------+-------------------------------------------
     0 | D:5      | dialectric the Spriggan Delver began the quest for the Orb.
     0 | D:5      | Reached XP level 1. HP: 11/11 MP: 2/2
    14 | D:5      | Noticed an iguana
    16 | D:5      | Noticed an iguana
    39 | D:4      | Noticed a hound
    43 | D:4      | Killed a hound
    44 | D:4      | Reached skill level 8 in Stealth
    44 | D:4      | Reached XP level 2. HP: 16/16 MP: 3/3
    44 | D:4      | Reached XP level 3. HP: 19/19 MP: 4/4
    44 | D:4      | Found Cuisew's General Store.
    47 | D:4      | Noticed an ogre
   104 | D:4      | Found Voqeuwke's Weapon Shop.
   222 | D:4      | Found Fainarr's Jewellery Emporium.
   237 | D:4      | Noticed an ogre
   265 | D:5      | Noticed a centaur
   278 | D:5      | Killed a centaur
   279 | D:5      | Reached skill level 9 in Stealth
   279 | D:5      | Reached XP level 4. HP: 11/23 MP: 5/5
   325 | D:5      | Reached XP level 5. HP: 21/28 MP: 6/6
   375 | D:5      | Found a runed translucent door.
   376 | D:5      | Noticed Crazy Yiuf
   385 | D:5      | Killed Crazy Yiuf
   539 | D:4      | Found Heithara's Distillery.
   582 | D:6      | Reached skill level 10 in Stealth
   609 | D:6      | Noticed a centaur
   652 | D:6      | Killed a centaur
   653 | D:6      | Reached skill level 1 in Spellcasting
   653 | D:6      | Reached XP level 6. HP: 6/32 MP: 6/8
  1293 | D:6      | Learned a level 3 spell: Hailstorm
  1327 | D:6      | Noticed a sky beast
  1570 | D:4      | Found Tish's Weapon Shoppe.
  1628 | D:3      | Reached skill level 11 in Stealth
  1754 | D:3      | Reached skill level 5 in Dodging
  1787 | D:3      | Slain by an orc wizard

Illustrated notes

Levels and vault maps discovered:
D:3:      layout_basic, saegor_snake_ambush
D:4:      layout_basic, serial_shops, shop, nicolae_shop_crystal,
          nicolae_shop_behind_doors,
          nicolae_shop_temple_entry_statues_fountains, shop,
          minmay_fractal_squares_5
D:5:      cheibrodos_barr_body, layout_rooms, minmay_temple_entry_tees,
          minmay_misc_feat_five, bh_walls_and_bars, uniq_crazy_yiuf_cottage
D:6:      wander_guarded_unrand_ratskin, layout_basic,
          kennysheep_generic_room_10
D:7:      layout_rooms, nzn_ghost_randoct

Skill      XL: |  1  2  3  4  5  6 |
---------------+-------------------+-----
Stealth        | 8 9 10 11 | 11.0
Dodging        | 3 4 5 |  5.0
Fighting       | 3 |  3.0
Short Blades   | 3 |  3.0
Spellcasting   | 1 2 |  2.3
Throwing       | |  0.2

Action                     |  1- 3 |  4- 6 || total
---------------------------+-------+-------++-------
  Melee: Short sword       |    24 |   150 ||   174
         Punch             |       |     3 ||     3
  Throw: Dart              |       |     6 ||     6
  Evoke: Wand              |       |     1 ||     1
    Use: Potion            |       |     1 ||     1
   Stab: Sleeping          |     3 |    11 ||    14
 Armour: Robe              |    10 |    62 ||    72
  Dodge: Dodged            |    33 |   146 ||   179

Table legend: (Time is in decaauts)
 A = Elapsed time spent in this place.
 B = Non-inter-level travel time spent in this place.
 C = Inter-level travel time spent in this place.
 D = Time resting spent in this place.
 E = Time spent auto-exploring this place.
 F = Levels seen in this place.
 G = Mean time per level.
                   A        B        C        D        E       F      G
               +--------+--------+--------+--------+--------+-----+--------+
         Total |   1310 |   1310 |      0 |    244 |    256 |   5 |  262.0 |
       Dungeon |   1310 |   1310 |      0 |    244 |    256 |   5 |  262.0 |
               +--------+--------+--------+--------+--------+-----+--------+

Top non-repeatable levels by time:
     D:6: 633 daAuts
     D:4: 284 daAuts
     D:5: 233 daAuts
     D:3: 150 daAuts
     D:7: 9 daAuts
